 Dungeon Crawl Stone Soup version 0.27.1-33-g824d729ab1 (webtiles) character file.

Game seed: 2695591730922774064

1936 KamiKatze the Shield-Bearer (level 9, -3/75 HPs)
             Began as a Ghoul Fighter on Dec 20, 2021.
             Was a Plaything of Xom.
             Slain by a wight (12 damage)
             ... on level 6 of the Dungeon on Dec 21, 2021.
             The game lasted 00:23:48 (6586 turns).

KamiKatze the Shield-Bearer (Ghoul Fighter)         Turns: 6586, Time: 00:23:49

Health: -3/75      AC:  7    Str: 22    XL:     9   Next: 18%
Magic:  8/8        EV:  9    Int: 10    God:    Xom [.*....]
Gold:   412        SH: 15    Dex:  8    Spells: 8/8 levels left

rFire    . . .     SeeInvis .   a - +0 war axe
rCold    + . .     Faith    .   c - +0 kite shield
rNeg     + + +     Spirit   .   b - +0 scale mail
rPois    ∞         Reflect  +   (no helmet)
rElec    .         Harm     .   (no cloak)
rCorr    .         Rampage  .   (no gloves)
Will     .....                  (no boots)
Stlth    ..........             k - amulet of reflection
HPRegen  0.00/turn              o - +6 ring of intelligence
MPRegen  0.11/turn              (no ring)

@: mighty, inhibited regen
A: claws 1, cold resistance 1, negative energy resistance 3, inhibited
regeneration, torment resistance 2
a: Renounce Religion


You were on level 6 of the Dungeon.
You worshipped Xom.
You were a plaything of Xom.
You visited 1 branch of the dungeon, and saw 6 of its levels.

You collected 412 gold pieces.

Inventory:

Hand Weapons
 a - a +0 war axe (weapon)
 v - a +3 flail of draining
 w - a +5 flail
Missiles
 e - 17 poisoned darts (quivered)
 q - 3 curare-tipped darts
Armour
 b - a +0 scale mail (worn)
 c - a +0 kite shield (worn)
Jewellery
 i - a ring of ice
 k - an amulet of reflection (around neck)
 o - a +6 ring of intelligence (left claw)
 u - a +6 ring of intelligence
Wands
 s - a wand of flame (13)
Scrolls
 f - 2 scrolls of identify
 h - 2 scrolls of immolation {unknown}
 j - 2 scrolls of enchant weapon {unknown}
 n - a scroll of vulnerability {unknown}
 r - a scroll of enchant armour {unknown}
 t - a scroll of fear {unknown}
Potions
 d - a potion of might
 g - a potion of resistance
 l - a potion of curing
 p - a potion of ambrosia


   Skills:
 + Level 5.8 Fighting
 * Level 5.9 Axes
 + Level 4.9 Armour
 + Level 3.7 Dodging
 * Level 6.3 Shields


You had 8 spell levels left.
You didn't know any spells.
Your spell library contained the following spells:

 Spells                   Type           Power      Damage    Failure   Level
 Beastly Appendage        Tmut           Unusable   N/A       N/A         1
 Wereblood                Tmut           Unusable   N/A       N/A         2
 Spider Form              Tmut/Pois      Unusable   N/A       N/A         3

Dungeon Overview and Level Annotations

Branches:
Dungeon (6/15)
 Temple: D:4-7

Altars:
Xom
Beogh

Shops:
D:3 =   D:4 =?=


Innate Abilities, Weirdness & Mutations

You thrive by killing the living.
You are immune to poison.
You have sharp fingernails.
Your flesh is cold resistant. (rC+)
You are immune to negative energy. (rN+++)
You do not regenerate when monsters are visible.
You are immune to unholy pain and torment.


Message History

There's a creature in the doorway!
There's a creature in the doorway!
You closely miss the wight.
The wight hits you with a +5 dire flail!
* * * LOW HITPOINT WARNING * * *
You hit the wight but do no damage. You block the wight's attack.
You closely miss the wight. You block the wight's attack.
The wight barely misses you.
You hit the wight but do no damage. You block the wight's attack.
You barely miss the wight.
The wight hits you with a +5 dire flail.
* * * LOW HITPOINT WARNING * * *
You closely miss the wight. You block the wight's attack.
The wight hits you with a +5 dire flail!
* * * LOW HITPOINT WARNING * * *
Xom is mildly amused.
You hit the wight but do no damage. You block the wight's attack.
You closely miss the wight. You block the wight's attack. x2
You feel much better.
The wight hits you with a +5 dire flail.
* * * LOW HITPOINT WARNING * * *
You barely miss the wight.
The wight hits you with a +5 dire flail!
* * * LOW HITPOINT WARNING * * *
You closely miss the wight.
The wight hits you with a +5 dire flail!
* * * LOW HITPOINT WARNING * * *
Xom thinks this is hilarious!
You hit the wight.
The wight is moderately damaged.
You block the wight's attack. x2
There is an open door here.
You feel better. You block the wight's attack.
You feel very mighty all of a sudden. You block the wight's attack.
Unknown command.
You hit the wight.
The wight is severely damaged.
The wight hits you with a +5 dire flail!
You die...

..... ..####'##
.....#+######.....#
..................#
.................#
#..............######
#.........####....<..
#.....##### #.......
#.....# #.......
#.##@## #..<....
#.'.z.# .........
#.#...# ..........
###..## ...........
###'## ...........
#....# #....# #....#
#)...#


You could see a wight.

Vanquished Creatures
  Eustachio (D:4)
  Edmund (D:4)
  3 necrophages (D:5)
  An ice beast (D:4)
  An ogre (D:5)
  A phantom (D:4)
  2 lemures (D:4)
  3 kobold brigands (D:3)
  2 scorpions
  A water moccasin skeleton (D:4)
  4 wights (D:6)
  A howler monkey (D:5)
  A centaur zombie (D:5)
  A jelly (D:6)
  A bullfrog skeleton (D:3)
  An iguana (D:4)
  A howler monkey skeleton (D:5)
  3 adders
  5 gnolls (D:3)
  A white imp (D:5)
  An ufetubus (D:4)
  A worm (D:2)
  A dart slug (D:4)
  An orc (D:3)
  5 endoplasms
  4 giant cockroaches
  4 goblins
  12 hobgoblins
  3 jackals (D:4)
  39 kobolds
  6 quokkas
  6 ball pythons
  3 bats
  3 frilled lizards (D:1)
  3 rats
127 creatures vanquished.

Vanquished Creatures (collateral kills)
  Pikel (D:5)
  A lemure (D:5)
2 creatures vanquished.

Vanquished Creatures (others)
  A hobgoblin (D:3)
1 creature vanquished.

Grand Total: 130 creatures vanquished

Notes
Turn   | Place    | Note
-------+----------+-------------------------------------------
     0 | D:1      | KamiKatze the Ghoul Fighter began the quest for the Orb.
     0 | D:1      | Reached XP level 1. HP: 19/19 MP: 0/0
   418 | D:1      | Reached XP level 2. HP: 26/26 MP: 1/1
   604 | D:1      | Reached skill level 3 in Shields
   954 | D:1      | Reached XP level 3. HP: 31/31 MP: 2/2
  1020 | D:1      | Found a faded altar of an unknown god.
  1065 | D:1      | Became a worshipper of Xom of Chaos
  1665 | D:2      | XOM: silly message
  2048 | D:3      | XOM: silly message
  2225 | D:3      | XOM: divination: detect creatures
  2282 | D:3      | Reached XP level 4. HP: 36/38 MP: 3/3
  2567 | D:3      | Found Quisamiz's Jewellery Shop.
  2710 | D:3      | XOM: potion effect (brilliance)
  2737 | D:3      | XOM: silly message
  2745 | D:3      | Reached skill level 1 in Dodging
  2915 | D:2      | XOM: silly message
  3210 | D:3      | Noticed a kobold brigand
  3227 | D:3      | Killed a kobold brigand
  3228 | D:3      | Reached XP level 5. HP: 37/46 MP: 4/4
  3252 | D:3      | XOM: potion effect (curing)
  3409 | D:3      | Noticed a kobold brigand
  3410 | D:3      | Noticed a kobold brigand
  3428 | D:3      | XOM: silly message
  3433 | D:3      | XOM: potion effect (invisibility)
  3435 | D:3      | XOM: potion effect (might)
  3448 | D:3      | XOM: potion effect (invisibility)
  3456 | D:3      | XOM: potion effect (invisibility)
  3459 | D:3      | XOM: silly message
  3462 | D:3      | XOM: potion effect (haste)
  3484 | D:3      | Killed a kobold brigand
  3485 | D:3      | Reached skill level 4 in Shields
  3485 | D:3      | Reached XP level 6. HP: 9/52 MP: 5/5
  3628 | D:3      | XOM: 3-stop teleportation journey
  3861 | D:3      | XOM: scenery: 1 doors open, 2 doors close
  3905 | D:3      | XOM: scenery: 1 doors open
  3955 | D:3      | XOM: god gift: 34 gold pieces
  3980 | D:3      | XOM: cloud trail
  4122 | D:4      | XOM: cleaving
  4126 | D:4      | XOM: enchant monster (good)
  4128 | D:4      | Reached XP level 7. HP: 15/60 MP: 6/6
  4385 | D:4      | Found Qec Tidgh's Jewellery Boutique.
  4385 | D:4      | Found Puac's Magic Scroll Shop.
  4767 | D:4      | XOM: 1-stop teleportation journey
  4808 | D:4      | XOM: summons friendly shadow imp
  4904 | D:4      | Noticed Eustachio
  4918 | D:4      | Killed Eustachio
  4941 | D:4      | XOM: god gift: book of Changes
  5077 | D:4      | Noticed Edmund
  5091 | D:4      | Killed Edmund
  5092 | D:4      | Reached skill level 5 in Shields
  5092 | D:4      | Reached XP level 8. HP: 65/67 MP: 7/7
  5100 | D:4      | XOM: silly message
  5156 | D:4      | Found Livips's Jewellery Boutique.
  5180 | D:4      | XOM: noise
  5254 | D:4      | XOM: swap monsters
  5264 | D:4      | Reached skill level 5 in Fighting
  5379 | D:4      | XOM: summons 1 hostile shadow creature
  5404 | D:5      | Entered Level 5 of the Dungeon
  5404 | D:5      | Noticed Pikel
  5420 | D:4      | XOM: summons 4 hostile demons
  5589 | D:4      | XOM: scenery: 1 doors close
  5735 | D:5      | Reached skill level 5 in Axes
  6158 | D:5      | XOM: god gift: 17 gold pieces
  6183 | D:5      | XOM: 2-stop teleportation journey
  6297 | D:5      | Killed Pikel
  6298 | D:5      | Reached skill level 6 in Shields
  6298 | D:5      | Reached XP level 9. HP: 65/75 MP: 8/8
  6319 | D:5      | XOM: god gift: 32 gold pieces
  6515 | D:6      | XOM: summons friendly crimson imp
  6518 | D:6      | XOM: chaos upgrade
  6581 | D:6      | HP: 3/75 [wight (15)]
  6586 | D:6      | Slain by a wight

Illustrated notes

Levels and vault maps discovered:
D:1:      ebering_trefoil_twist, layout_loops_ring,
          hellmonk_ecumenical_altar_defaced_shrine
D:2:      layout_basic, serial_curves, eino_curves_01, eino_curves_04,
          eino_curves_03, eino_curves_04, minmay_pentomino_z2
D:3:      minmay_goblin_kobold_castle, layout_loops_corners, serial_shops, shop
D:4:      layout_basic, serial_shops, shop, shop, nicolae_lakefront_shop,
          ebering_dispersal_statue_hall, minmay_misc_feat_hallway,
          minmay_misc_feat_four_crosses, uniq_edmund, uniq_eustachio
D:5:      layout_basic, uniq_pikel
D:6:      layout_gridville, nicolae_overflow_hidden_temple

Skill      XL: |  1  2  3  4  5  6  7  8 |
---------------+-------------------------+-----
Axes           | 2 3 4 5 |  5.9
Shields        | 3 4 5 6 |  6.3
Armour         | 3 4 |  4.9
Dodging        | 1 2 3 |  3.7
Fighting       | 4 5 |  5.8

Action                   |  1- 3 |  4- 6 |  7- 9 || total
-------------------------+-------+-------+-------++-------
Melee: War axe           |   112 |   164 |   223 ||   499
  Use: Scroll            |       |       |     6 ||     6
       Potion            |       |       |     3 ||     3
 Stab: Invisible         |       |     3 |       ||     3
       Confused          |       |       |     2 ||     2
Armor: Scale mail        |    42 |    49 |    51 ||   142
Dodge: Dodged            |    41 |    36 |    66 ||   143
Block: Kite shield       |    61 |   149 |   213 ||   423
       Reflection        |       |     4 |     1 ||     5
